Map: Pillars of Gold LE

Players

Seither

  • Race: Terran Terran
  • Spawn Location: 7:00

Probe - Winner!

  • Race: Protoss Protoss
  • League: Master
  • Spawn Location: 1:00

Event: DreamHack SC2 Masters 2020 Fall

VOD

Have the link to the VOD?

Description

Time

  • Played on: Aug. 26, 2020, 6:48 a.m.
  • Length: 12:38

All games in this series

Show
View Real Time Build Order
Export as new Build Order

Seither Terran 

Build Orders: Reaper Expand 

Get SALT Encoding   

  12  0:01  SCV  
  13  0:13  SCV  
  14  0:18  Supply Depot  
  14  0:25  SCV  
  15  0:39  SCV  
  15  0:40  Barracks  
  16  0:46  Refinery  
  16  0:51  SCV  
  17  1:03  SCV  
  18  1:16  SCV  
  19  1:29  Reaper, Orbital Command  
  20  1:45  Command Center  
  20  1:57  SCV, Supply Depot  
  20  2:01  Marine  
  22  2:09  SCV  
  22  2:14  Factory  
  23  2:21  SCV  
  24  2:23  Barracks Reactor  
  24  2:28  Refinery  
  24  2:33  SCV  
  25  2:46  SCV  
  26  2:57  Orbital Command  
  26  2:58  SCV  
  27  3:00  Marine x2  
  27  3:01  Starport  
  27  3:02  Hellion  
  30  3:14  SCV  
  31  3:20  Marine  
  31  3:21  Marine  
  31  3:25  Supply Depot  
  33  3:27  SCV  
  33  3:28  SCV  
  33  3:34  Widow Mine  
  37  3:38  Medivac  
  37  3:40  Marine x2  
  41  3:45  SCV x2  
  41  3:47  Supply Depot  
  43  3:58  Marine x2  
  43  3:59  Widow Mine  
  47  4:04  Barracks  
  47  4:06  SCV, Barracks  
  47  4:07  SCV  
  49  4:13  Starport Tech Lab  
  49  4:20  SCV x2, Engineering Bay  
  49  4:22  Marine x2  
  49  4:23  Factory Tech Lab  
  53  4:31  Refinery  
  53  4:34  SCV x2, Supply Depot  
  55  4:39  Bunker  
  55  4:43  Marine x2  
  57  4:48  Siege Tank  
  57  4:51  SCV x2  
  62  4:55  Barracks Tech Lab  
  60  5:03  SCV x2, Missile Turret  
  53  5:16  Missile Turret  
  53  5:20  SCV x2, Marine x2  
  52  5:36  Marine x2  
  52  5:42  SCV x2  
  54  5:45  Marine x2  
  54  5:49  Siege Tank  
  53  5:59  SCV x2  
  53  6:00  Stimpack  
  53  6:01  Starport Reactor  
  55  6:08  Terran Infantry Weapons Level 1  
  55  6:11  SCV x2  
  57  6:14  Barracks Tech Lab  
  57  6:16  Marine x2  
  57  6:18  Marauder  
  61  6:26  SCV x2  
  61  6:30  Combat Shield, Factory Reactor, Marauder  
  62  6:38  SCV x2  
  62  6:39  Marine x2  
  64  6:40  Marauder  
  66  6:49  Medivac x2  
  66  6:52  Supply Depot  
  70  6:55  Supply Depot  
  70  7:01  SCV x2  
  70  7:12  Supply Depot  
  70  7:13  SCV x2, Marine x2  
  70  7:14  Marauder x2  
  78  7:17  Widow Mine x2  
  82  7:25  Medivac x2, Refinery  
  85  7:31  Marine  
  85  7:33  Marine  
  87  7:37  Marauder x2  
  87  7:41  SCV x2, Supply Depot  
  87  7:42  Supply Depot  
  93  7:46  Widow Mine x2  
  93  7:48  Concussive Shells  
  97  7:58  Medivac  
  98  8:05  SCV x2  
  98  8:06  Terran Infantry Armor Level 1  
  98  8:07  Marauder x2, Marine x2  
  105  8:18  Widow Mine  
  107  8:22  Widow Mine  
  107  8:25  Marine x2  
  111  8:29  Marauder x2  
  115  8:36  Supply Depot  
  115  8:37  Supply Depot  
  115  8:39  Widow Mine  
  117  8:43  Marine x2  
  118  8:57  Liberator  
  118  8:58  Marauder, Widow Mine  
  118  8:59  Marauder, Liberator  
  118  9:01  Supply Depot x2  
  130  9:05  Marine x2  
  132  9:11  Supply Depot  
  134  9:17  Widow Mine  
  134  9:23  Marauder x2  
  137  9:31  Marine x2  
  137  9:32  Supply Depot  
  139  9:40  Liberator  
  139  9:42  Liberator  
  139  9:45  Supply Depot  
  145  9:48  Marauder x2  
  145  9:49  Marine x2  
  145  10:07  Marine x2  
  145  10:09  Marauder  
  145  10:10  Marauder  
  151  10:25  Marine  
  152  10:29  Marine  
  152  10:31  Marauder x2  
  148  10:43  Marine  
  148  10:47  Marine  
  148  10:49  Liberator  
  148  10:50  Liberator  
  148  10:52  Marauder x2  
  156  11:00  Marine  
  146  11:14  Marauder x2  
  150  11:25  Marine x2  
  131  11:35  Marauder x2  
  111  11:42  Marine  
  111  11:43  Marine  
  106  11:56  Marauder x2  
  106  12:00  Marine x2  
  96  12:18  Marine  
Show
View Real Time Build Order
Export as new Build Order

Probe Protoss - Winner!

Build Orders: 1 Gate Expand, Zealot Archon, Archon Drop, Dark Templar Rush 

Get SALT Encoding   

  12  0:00  Probe  
  13  0:12  Probe  
  14  0:18  Pylon  
  14  0:24  Probe (Chrono Boost)  
  15  0:36  Probe (Chrono Boost)  
  15  0:39  Gateway  
  16  0:44  Probe (Chrono Boost)  
  17  0:51  Assimilator  
  17  0:52  Probe  
  18  1:04  Probe  
  19  1:16  Probe  
  20  1:27  Cybernetics Core  
  20  1:36  Nexus  
  20  1:39  Probe  
  21  1:47  Pylon  
  21  1:51  Probe  
  22  1:56  Assimilator  
  22  2:02  Adept (Chrono Boost)  
  22  2:04  Probe  
  25  2:11  Shield Battery  
  25  2:16  Probe  
  25  2:22  Stalker (Chrono Boost)  
  26  2:28  Probe  
  29  2:40  Warp Gate  
  29  2:41  Probe (Chrono Boost)  
  30  2:48  Twilight Council  
  30  2:49  Probe (Chrono Boost)  
  31  2:58  Probe x2 (Chrono Boost)  
  33  3:03  Probe (Chrono Boost)  
  33  3:04  Probe  
  35  3:14  Robotics Facility  
  35  3:15  Probe  
  35  3:16  Probe  
  37  3:27  Probe  
  37  3:31  Dark Shrine  
  38  3:34  Gateway  
  38  3:36  Gateway  
  38  3:38  Probe  
  38  3:40  Probe  
  40  3:48  Pylon  
  40  3:51  Probe  
  40  3:52  Probe  
  42  3:58  Warp Prism (Chrono Boost)  
  44  4:03  Probe  
  44  4:04  Assimilator  
  44  4:06  Assimilator  
  44  4:09  Probe  
  46  4:11  Pylon  
  46  4:15  Probe  
  47  4:21  Probe  
  47  4:23  Shield Battery  
  48  4:26  Observer (Chrono Boost)  
  48  4:27  Probe  
  48  4:31  Stalker  
  52  4:33  Probe  
  52  4:37  Pylon  
  53  4:39  Probe  
  53  4:41  Observer  
  53  4:45  Probe  
  56  4:51  Probe, Dark Templar x2  
  61  4:55  Dark Templar  
  61  4:58  Probe  
  64  5:05  Probe  
  65  5:10  Probe  
  57  5:17  Probe  
  58  5:23  Probe  
  59  5:29  Probe, Blink (Chrono Boost)  
  59  5:34  Robotics Bay  
  59  5:35  Probe  
  57  5:36  Forge  
  57  5:41  Probe  
  58  5:47  Probe  
  59  5:53  Probe  
  60  5:58  Dark Templar  
  60  6:03  Nexus, Dark Templar  
  64  6:04  Pylon, Dark Templar  
  64  6:05  Archon  
  64  6:08  Archon  
  64  6:09  Probe x2  
  68  6:12  Protoss Ground Weapons Level 1 (Chrono Boost)  
  68  6:15  Pylon  
  68  6:22  Gateway  
  68  6:28  Observer  
  68  6:29  Probe  
  68  6:30  Colossus (Chrono Boost)  
  75  6:44  Gateway  
  75  6:45  Shield Battery  
  75  6:46  Sentry  
  77  6:47  Gateway  
  77  6:48  Probe  
  78  7:04  Zealot x2  
  78  7:07  Pylon  
  82  7:10  Pylon  
  82  7:11  Pylon  
  82  7:13  Charge (Chrono Boost), Extended Thermal Lance  
  82  7:18  Probe  
  83  7:26  Colossus (Chrono Boost)  
  89  7:30  Probe  
  89  7:33  Probe  
  89  7:34  Probe  
  92  7:37  Sentry, Zealot  
  92  7:38  Zealot  
  92  7:42  Probe  
  99  7:45  Observer  
  99  7:46  Shield Battery  
  99  7:52  Stalker x3  
  99  7:56  Probe  
  99  7:57  Probe, Photon Cannon  
  99  7:58  Probe  
  106  8:09  Colossus (Chrono Boost)  
  112  8:17  Photon Cannon  
  112  8:18  Shield Battery  
  112  8:19  Protoss Ground Armor Level 1 (Chrono Boost)  
  112  8:21  Zealot x3  
  117  8:31  Zealot x3  
  123  8:39  Pylon  
  123  8:40  Shield Battery  
  123  8:41  Pylon  
  123  8:42  Pylon  
  121  8:48  Pylon  
  121  8:49  Observer (Chrono Boost)  
  121  8:53  Stalker  
  124  8:58  Zealot  
  124  9:00  Pylon, Gateway, Dark Templar  
  124  9:02  Gateway  
  128  9:03  Dark Templar  
  128  9:04  Observer (Chrono Boost)  
  131  9:12  Probe x3  
  134  9:21  Assimilator x2  
  134  9:24  Probe x3  
  136  9:25  Templar Archives  
  136  9:27  Stalker x2  
  141  9:36  Probe x2  
  141  9:38  Zealot x4  
  151  9:48  Disruptor (Chrono Boost)  
  154  9:54  Pylon  
  154  9:55  Pylon  
  154  9:57  Pylon  
  154  9:59  Zealot x2  
  156  10:00  Zealot x2  
  156  10:05  Dark Templar  
  156  10:06  Dark Templar  
  164  10:15  Pylon  
  164  10:20  Stalker x2, Pylon  
  162  10:30  Zealot x4, Disruptor (Chrono Boost)  
  173  10:41  Zealot x2  
  158  10:51  Stalker x5  
  168  11:02  Disruptor (Chrono Boost)  
  169  11:18  Zealot x8  
  167  11:33  Disruptor (Chrono Boost)  
  132  11:40  Zealot x8  
  144  11:58  Pylon  
  144  11:59  Pylon, Gateway  
  144  12:00  Gateway  
  144  12:01  Gateway  
  132  12:09  Dark Templar x2  
  132  12:10  Stalker x2  
  132  12:13  Nexus  
  140  12:15  Pylon  

Tags
 
Add a new tag
Caveats
  • Supply blocks, unpowered buildings, or Contaminate may cause inaccurate times.
  • Supply counts are checked every 10 seconds.